 Dungeon Crawl Stone Soup version 0.30-a0-967-g9b59a09336 (console) character file.

Game seed: 18323356516079449552

5484 Banquo the Thaumaturge (level 11, -2/78 HPs)
             Began as a Djinni Monk on Mar 30, 2023.
             Was a Priest of Wu Jian.
             Shot with an arrow by a centaur warrior (23 damage)
             ... on level 8 of the Dungeon on Mar 31, 2023.
             The game lasted 00:49:24 (11710 turns).

Banquo the Thaumaturge (Djinni Monk)               Turns: 11710, Time: 00:49:25

Health: -2/78      AC:  8    Str: 10    XL:     11   Next: 0%
Gold:   485        EV: 14    Int: 22    God:    Wu Jian [***...] SH:  0 Dex: 16

rFire   + + .      SeeInvis .      - Unarmed
rCold   . . .      Faith    .    (no shield)
rNeg    . . .      Spirit   .    d - +0 acid dragon scales
rPois   ∞          Reflect  .    (no helmet)
rElec   .          Rampage  .    e - +0 cloak
rCorr   +                        (no gloves)
Will    +....                    (boots unavailable)
Stlth   ++                       (no amulet)
HPRegen 0.33/turn                I - +6 ring of intelligence
MPRegen 0.00/turn                C - ring of protection from cold

@: flying
A: sickness immunity, fire resistance 2, cold vulnerability 1, float, innate
caster, HP casting, extra vitality 1
a: Renounce Religion, Wall Jump, Serpent's Lash


You were on level 8 of the Dungeon.
You worshipped Wu Jian.
Wu Jian was most pleased with you.
You visited 2 branches of the dungeon, and saw 9 of its levels.

You collected 485 gold pieces.

Inventory:

Hand Weapons
 g - a +2 dagger of electrocution
 l - a +3 flail of holy wrath
 v - a +3 whip
 A - a +2 dagger of electrocution
 F - a +0 rapier of speed
Missiles
 m - 5 datura-tipped darts
 q - 14 poisoned darts
 r - 14 boomerangs
 u - 5 throwing nets
 E - 7 curare-tipped darts
Armour
 a - a +0 robe
 d - +0 acid dragon scales (worn)
 e - a +0 cloak (worn)
 G - a +3 ring mail
Magical Staves
 i - a staff of fire
 B - a staff of air
Jewellery
 C - a ring of protection from cold (right hand)
 I - a +6 ring of intelligence (left hand)
Wands
 w - a wand of digging (4)
 z - a wand of charming (11)
Scrolls
 k - 3 scrolls of torment {unknown}
 n - 2 scrolls of fear {unknown}
 y - 2 scrolls of magic mapping {unknown}
Potions
 b - a potion of ambrosia
 c - 2 potions of might
 f - a potion of haste {unknown}
 h - a potion of attraction {unknown}
 j - a potion of degeneration {unknown}
 o - 3 potions of flight
 p - a potion of mutation {unknown}
 s - 3 potions of cancellation
 t - a potion of lignification {unknown}
 x - 2 potions of brilliance
 D - a potion of curing {unknown}
 H - 2 potions of heal wounds


   Skills:
 * Level 6.5 Fighting
 * Level 3.3 Armour
 * Level 7.1 Dodging
 - Level 1.5 Stealth
 * Level 6.6 Unarmed Combat
 + Level 8.8 Spellcasting


You knew the following spells:

 Your Spells              Type           Power      Damage    Failure   Level
a - Arcjolt               Conj/Air       24%        1d34      8%          5
p - Poisonous Vapours     Pois/Air       96%        N/A       1%          2
s - Sticky Flame          Conj/Fire      48%        2d7       2%          4
z - Foxfire               Conj/Fire      100%       2x1d6     1%          1
A - Spider Form           Tmut/Pois      48%        N/A       1%          3
Your spell library was empty.

Dungeon Overview and Level Annotations

Branches:
Dungeon (8/15)             Temple (1/1) D:6
   Lair: D:8-11

Altars:
Ashenzari
Cheibriados
Dithmenos
Elyvilon
Fedhas
Gozag
Hepliaklqana
Makhleb
Nemelex Xobeh
Okawaru
Qazlal
Ru
Trog
Uskayaw
Wu Jian
Xom
Yredelemnul
Zin
The Shining One

Shops:
D:7 !

Annotations:
D:8 Maggie


Innate Abilities, Weirdness & Mutations

You are immune to sickness and miasma.
You are immune to poison.
Your flesh is very heat resistant. (rF++)
You are vulnerable to cold. (rC-)
You float through the air rather than walking.
You learn spells naturally, not from books.
Your magical power is your life essence.
You have superior vitality. (+4 MHP)


Message History

You spin and attack the steam dragon.
You bite the steam dragon!
The steam dragon looks as sick as possible!
The steam dragon is heavily wounded.
The steam dragon completely misses you. The steam dragon misses you.
Your transformation has ended.
Your +0 cloak unmelds from your body.
Your +0 acid dragon scales unmelds from your body.
The steam dragon barely misses you. x2
Unknown command.
Casting: Spider Form (safe; 1% risk of failure)
Confirm with . or Enter, or press ? or * to list all spells.
Aiming: Sticky Flame (dangerous; 3% risk of failure)
Press: ? - help, Shift-Dir - straight line, f - steam dragon
Aim: a steam dragon (steam, severely wounded, extremely poisoned)
The sticky flame hits the steam dragon.
The steam dragon is severely wounded.
The steam dragon is covered in liquid flames!
The steam dragon burns!
You kill the steam dragon!
The Council accepts your kill.
A centaur warrior comes into view.
The centaur warrior wields a +0 shortbow.
The centaur warrior shoots an arrow.
The arrow hits you.
You hear a shout!
You have reached level 11!
The power to cast Arcjolt wells up from within.
Spell assigned to 'a'.
Unknown command.
Unknown command.
The centaur warrior shoots an arrow.
The arrow hits you!!
Things that are here:
a +0 dagger; a +0 robe The centaur warrior shoots an arrow.
The arrow closely misses you.
The centaur warrior shoots an arrow.
The arrow hits you.
The centaur warrior shoots an arrow.
The arrow hits you!
* * * LOW HITPOINT WARNING * * *
Unknown command.
The wight falls through a shaft!
The shaft crumbles and collapses.
The centaur warrior shoots an arrow.
The arrow hits you!!
You die...

........# .....#..##
.........# #####....# ###
#....############## ..#
#....'............# ..#
#....############.# ..#
#....######### #.### ..#
#...###.....@####...### ..#
#.###...###.^..####...# ..#
### ###..###~..####.## ..#
##.)....##....##..# ..#
##..####..##..≈.##.#
..#...~##○.##..##..##~...#.#
..#~.§.#.c##≈..≈##..#...~..#
..#.~~c#8$zz.##.. .8#.~~.###
..#...~#g.#≈.>}.≈ .#~...#


You could see a centaur warrior.

Vanquished Creatures
  An unseen horror (D:7)
  A komodo dragon (D:8)
  A troll (D:7)
  2 wyverns (D:8)
  2 steam dragons (D:8)
  Menkaure (D:5)
  2 acid dragons (D:8)
  2 water moccasins
  Duvessa (D:5)
  4 orc warriors
  A sky beast (D:8)
  4 ice beasts
  2 ogres (D:7)
  3 centaurs
  A phantom (D:7)
  2 kobold brigands (D:8)
  Blork the orc (D:4)
  3 bullfrogs
  5 scorpions
  A gnoll sergeant (D:5)
  Dowan (D:5)
  4 killer bees (D:8)
  6 howler monkeys
  4 jellies
  3 orc priests
  3 hounds
  Ijyb (D:5)
  Terence (D:2)
  3 iguanas
  3 sleepcaps
  9 orc wizards
  8 gnolls
  11 adders
  3 shadow imps
  2 white imps
  2 worms
  5 dart slugs
  20 orcs
  3 ball pythons
  7 endoplasms
  3 giant cockroaches
  7 goblins
  6 hobgoblins
  2 jackals (D:2)
  10 kobolds
  5 quokkas
  4 bats
  2 frilled lizards (D:2)
  9 rats
187 creatures vanquished.

Vanquished Creatures (collateral kills)
  2 foxfires (D:4)
2 creatures vanquished.

Vanquished Creatures (others)
  504 foxfires
  A plant (D:4)
505 creatures vanquished.

Grand Total: 694 creatures vanquished

Notes
Turn   | Place    | Note
-------+----------+-------------------------------------------
     0 | D:1      | Banquo the Djinni Monk began the quest for the Orb.
     0 | D:1      | Reached XP level 1. HP: 20/20 MP: 0/0
   113 | D:1      | Reached XP level 2. HP: 23/25 MP: 0/0
   473 | D:1      | Reached XP level 3. HP: 23/30 MP: 0/0
   473 | D:1      | Learned a level 1 spell: Foxfire
   858 | D:2      | Reached skill level 1 in Spellcasting
   894 | D:2      | Noticed Terence
  1198 | D:2      | Reached XP level 4. HP: 22/35 MP: 0/0
  1544 | D:2      | Reached skill level 2 in Spellcasting
  1705 | D:2      | Found a faded altar of an unknown god.
  1754 | D:2      | Killed Terence
  1755 | D:2      | Reached XP level 5. HP: 30/40 MP: 0/0
  1755 | D:2      | Learned a level 2 spell: Poisonous Vapours
  2414 | D:3      | Reached skill level 3 in Spellcasting
  3029 | D:4      | Reached XP level 6. HP: 35/46 MP: 0/0
  3504 | D:4      | Reached skill level 4 in Spellcasting
  3611 | D:4      | Reached XP level 7. HP: 46/50 MP: 0/0
  3611 | D:4      | Learned a level 3 spell: Spider Form
  3625 | D:4      | Found an iron altar of Okawaru.
  4066 | D:4      | Found a snail-covered altar of Cheibriados.
  4071 | D:4      | Found a sacrificial altar of Ru.
  4168 | D:5      | Entered Level 5 of the Dungeon
  4660 | D:5      | Noticed Menkaure
  4666 | D:5      | Killed Menkaure
  4720 | D:5      | Noticed Duvessa
  4742 | D:5      | Noticed Dowan
  4744 | D:5      | Killed Duvessa
  4750 | D:5      | Killed Dowan
  4842 | D:5      | Reached skill level 5 in Spellcasting
  4842 | D:5      | Reached XP level 8. HP: 57/58 MP: 0/0
  5189 | D:5      | Noticed Ijyb
  5196 | D:5      | Killed Ijyb
  5367 | D:5      | Noticed Blork the orc
  5385 | D:4      | Killed Blork the orc
  6283 | D:6      | Reached skill level 5 in Dodging
  6480 | D:6      | Reached skill level 6 in Spellcasting
  6489 | D:6      | Reached XP level 9. HP: 49/63 MP: 0/0
  6489 | D:6      | Learned a level 4 spell: Sticky Flame
  6571 | D:6      | Reached skill level 5 in Unarmed Combat
  6688 | D:6      | Reached skill level 5 in Fighting
  7069 | D:6      | Found a staircase to the Ecumenical Temple.
  7075 | Temple   | Entered the Ecumenical Temple
  7124 | Temple   | Became a worshipper of the Wu Jian Council
  7124 | Temple   | Reached * piety under Wu Jian
  7124 | Temple   | Reached ** piety under Wu Jian
  7824 | D:7      | Noticed a troll
  7970 | D:7      | Found Boobate's Distillery.
  7985 | D:7      | Noticed an unseen horror
  7989 | D:7      | Killed an unseen horror
  7990 | D:7      | Reached skill level 7 in Spellcasting
  8572 | D:7      | Reached skill level 1 in Armour
  8572 | D:7      | Reached XP level 10. HP: 66/72 MP: 0/0
  9696 | D:7      | Found Boobate's Distillery.
 10161 | D:8      | Noticed a harpy
 10161 | D:8      | Noticed Maggie
 10165 | D:8      | Reached skill level 8 in Spellcasting
 10773 | D:8      | Reached *** piety under Wu Jian
 11552 | D:8      | Noticed a komodo dragon
 11562 | D:8      | Killed a komodo dragon
 11703 | D:8      | Noticed a centaur warrior
 11704 | D:8      | Reached XP level 11. HP: 57/78 MP: 0/0
 11704 | D:8      | Learned a level 5 spell: Arcjolt
 11710 | D:8      | Shot with an arrow by a centaur warrior

Illustrated notes

Levels and vault maps discovered:
D:1:      lordsloth_arrival_two_stooges, layout_loops_ring
D:2:      layout_loops_ring, ebering_ecumenical_altar_rust, minmay_octomino_j4,
          uniq_terence
D:3:      layout_basic, amcnicky_mini_rare_corridor_liquid
D:4:      layout_loops_corners, old_standard_altar,
          mainiacjoe_overflow_big_doors
D:5:      layout_basic, chequers_hall_statues_corner_a, kennysheep_small_circle,
          uniq_blork_the_orc, uniq_ijyb, uniq_menkaure, uniq_duvessa
D:6:      layout_basic, minmay_temple_entry_nine_rooms, nicolae_eternal_life,
          corexii_item_surrounded_by_moat
D:7:      minmay_recursive_quarters, layout_basic, serial_shops, shop
D:8:      cheibrodos_elevator_heist, layout_basic, grunt_decor_junction,
          nzn_random_ring, uniq_maggie
Temple:   hellmonk_temple_of_storms

Skill      XL: |  1  2  3  4  5  6  7  8  9 10 |
---------------+-------------------------------+-----
Spellcasting   | 1 2 3 4 5 6 7 8 |  8.8
Dodging        | 4 5 6 7 |  7.1
Fighting       | 4 5 6 |  6.5
Unarmed Combat | 4 5 6 |  6.6
Armour         | 1 3 |  3.3
Stealth        | |  1.5

Action                     |  1- 3 |  4- 6 |  7- 9 | 10-12 || total
---------------------------+-------+-------+-------+-------++-------
  Melee: Unarmed           |   127 |    18 |    50 |    18 ||   213
         Punch             |     3 |       |     1 |       ||     4
   Cast: Foxfire           |     2 |    81 |   152 |    73 ||   308
         Poisonous Vapours |       |    40 |    49 |    28 ||   117
         Spider Form       |       |       |     4 |     3 ||     7
         Sticky Flame      |       |       |    11 |    21 ||    32
Ability: Lunge             |       |       |     3 |     2 ||     5
         End Transformatio |       |       |       |     1 ||     1
         Whirlwind         |       |       |       |     1 ||     1
    Use: Potion            |       |       |     2 |       ||     2
         Scroll            |       |       |       |    10 ||    10
   Stab: Sleeping          |     7 |     1 |       |       ||     8
         Distracted        |       |       |       |     1 ||     1
 Armour: Robe              |    14 |     5 |     3 |     1 ||    23
         Skin              |       |       |     2 |       ||     2
         Acid dragon scale |       |       |       |     4 ||     4
  Dodge: Dodged            |    73 |    17 |    48 |    39 ||   177

Table legend: (Time is in decaauts)
 A = Elapsed time spent in this place.
 B = Non-inter-level travel time spent in this place.
 C = Inter-level travel time spent in this place.
 D = Time resting spent in this place.
 E = Time spent auto-exploring this place.
 F = Levels seen in this place.
 G = Mean time per level.
                   A        B        C        D        E       F      G
               +--------+--------+--------+--------+--------+-----+--------+
         Total |  11708 |  10811 |    897 |   2112 |   6409 |   9 | 1300.9 |
       Dungeon |  11645 |  10776 |    869 |   2112 |   6391 |   8 | 1455.6 |
        Temple |     62 |     34 |     28 |      0 |     18 |   1 |   62.0 |
               +--------+--------+--------+--------+--------+-----+--------+

Top non-repeatable levels by time:
     D:7: 2773 daAuts
     D:4: 1552 daAuts
     D:6: 1545 daAuts
     D:8: 1458 daAuts
     D:5: 1209 daAuts
     D:2: 1149 daAuts
     D:3: 1044 daAuts
     D:1: 912 daAuts
  Temple: 62 daAuts
